 Dungeon Crawl Stone Soup version 0.17-a0-877-ga10078a (webtiles) character file.

6785 hornqvist the Cleaver (level 11, -2/100 HPs)
             Began as a Formicid Fighter on Apr 30, 2015.
             Was an Initiate of Gozag.
             Killed from afar by an orc wizard (8 damage)
             ... with a puff of frost
             ... on level 8 of the Dungeon.
             The game lasted 00:12:21 (8232 turns).

hornqvist the Cleaver (Formicid Fighter)            Turns: 8232, Time: 00:12:21

Health: -2/100     AC: 25    Str: 25    XL:     11   Next: 25%
Magic:  11/11      EV:  2    Int: 19    God:    Gozag
Gold:   776        SH: 12    Dex: 10    Spells: 0 memorised, 10 levels left

rFire  + . .     SeeInvis .     E - +5 hand axe "Asot" {venom, rF+ Int+7}
rCold  . . .     Clarity  +     (armour currently unavailable)
rNeg   + + +     SustAb   .     c - +0 shield
rPois  +         Gourm    .     (helmet unavailable)
rElec  .         Spirit   .     (cloak currently unavailable)
rCorr  .         Warding  .     (gloves currently unavailable)
rMut   .         Stasis   +     (boots currently unavailable)
MR     +....                    j - amulet of clarity
Stlth  +.........               (no ring)
                                (no ring)

@: brilliant, lethally poisoned (-2 -> -3), tree-form, very slightly
contaminated, invisible, somewhat resistant to hostile enchantments, very
unstealthy
A: permanent stasis, dig shafts and tunnels, four strong arms, (antennae 0),
(large bone plates 0), (slimy green scales 0), frail 1
a: Potion Petition, Call Merchant, Bribe Branch, Renounce Religion


You were on level 8 of the Dungeon.
You worshipped Gozag.
Gozag was noncommittal.
You were very hungry.
You were a tree.
You visited 2 branches of the dungeon, and saw 9 of its levels.

You collected 1807 gold pieces.
You spent 476 gold pieces at shops.
You paid 555 gold pieces to Gozag.

Inventory:

Hand weapons
 a - a +0 war axe
 E - the +5 hand axe "Asot" (weapon) {venom, rF+ Int+7}
   (You bought it in a shop on level 7 of the Dungeon)

   It poisons the flesh of those it strikes.
   It affects your intelligence (+7).
   It protects you from fire.
 H - a +1 battleaxe of chopping
Armour
 b - a +0 scale mail
 c - a +0 shield (worn)
 h - a +0 cloak (melded)
 y - a +0 plate armour (melded)
Jewellery
 j - an amulet of clarity (around neck)
 J - a cursed -2 ring of evasion {unknown}
Magical devices
 l - a wand of digging (11)
 A - a wand of confusion (16)
 I - a wand of confusion (23)
Scrolls
 f - 3 scrolls of immolation {unknown}
 g - 3 scrolls of random uselessness {unknown}
 k - a scroll of recharging {unknown}
 m - 3 scrolls of teleportation {unknown}
 n - 2 scrolls of fear {unknown}
 o - 3 scrolls of enchant weapon
 v - a scroll of magic mapping {unknown}
 x - a scroll of noise {unknown}
 z - 3 scrolls of amnesia {unknown}
 C - 6 scrolls of identify {unknown}
 D - 2 scrolls of remove curse
 K - a scroll of fog {unknown}
Potions
 d - 3 potions of might
 r - a potion of lignification
 s - a potion of agility {unknown}
 t - 2 potions of brilliance
 u - a potion of flight
 w - a potion of poison {unknown}
 B - 4 potions of curing {unknown}
 G - 2 potions of cancellation {unknown}
Books
 F - a book of Minor Magic

   Spells                             Type                      Level
   a - Magic Dart                     Conjuration                  1
   b - Blink                          Translocation                2
   c - Call Imp                       Summoning                    2
   d - Repel Missiles                 Charms/Air                   2
   e - Slow                           Hexes                        2
   f - Conjure Flame                  Conjuration/Fire             3
   g - Mephitic Cloud                 Conjuration/Poison/Air       3
Comestibles
 e - 2 bread rations
 p - 3 meat rations


   Skills:
 - Level 3.2 Fighting
 * Level 11.8 Axes
 - Level 3.2 Armour
 + Level 7.2 Dodging
 + Level 10.6 Shields


You had 10 spell levels left.
You didn't know any spells.

Dungeon Overview and Level Annotations

Branches:
Dungeon (8/15)             Temple (1/1) D:4            Lair (0/8) D:8

Altars:
Ashenzari
Dithmenos
Elyvilon
Fedhas
Gozag
Kikubaaqudgha
Makhleb
Nemelex Xobeh
Okawaru
Ru
Trog
Vehumet
Yredelemnul
Zin

Shops:
D:7 (=?((   D:9 !


Innate Abilities, Weirdness & Mutations

You are under a permanent stasis effect.
You can dig through walls and to a lower floor.
Your four strong arms can wield two-handed weapons with a shield.
((You have a pair of large antennae on your head (SInv).))
((You are partially covered in large bone plates (AC +2, SH +2).))
((You are partially covered in slimy green scales (AC +2).))
You are frail (-10% HP).


Message History

You slash the worker ant!
You catch the helpless orc wizard completely off-guard!
You hit the orc wizard but do no damage.
The orc wizard is poisoned.
The worker ant bites you.
* * * LOW HITPOINT WARNING * * *
You take 4 damage, and have 7/100 hp.
Unknown command.
Drink which item? (? for menu, Esc to quit)
It was a potion of flight.
Your roots keep you in place.
You feel sick. You block the orc wizard's attack.
The worker ant bites you but does no damage.
You take 1 damage, and have 6/100 hp.
Unknown command.
You hit the worker ant.
You kill the worker ant!
You hit the orc wizard.
The orc wizard looks even sicker.
The orc wizard gestures at you while chanting.
Helpless, you fail to dodge the puff of frost.
You die...
Your body crumbles into a pile of gold.

...####.######.#
###.### .### #.#
#.# #.# .# # #.#
.# #.### .# #...#
## ###(# #(#
##### #.# +...
#♣# #.###
.......$$o.......
....#
..........(....
#.#.#
..##.......####
#.#.# ......o..#
#.#.###
.##.......#
#.....# #.......#
#<#.#.###
#.......#
....)..... ..#


You could see 2 orc wizards.

Vanquished Creatures
  Grinder (D:6)
  Sigmund (D:3)
  12 yaks (D:8)
  A hungry ghost (D:7)
  A hippogriff (D:8)
  An orc warrior (D:8)
  2 phantoms (D:4)
  A water moccasin (D:8)
  A black bear (D:8)
  3 ice beasts
  3 sky beasts
  6 crocodiles (D:8)
  2 ogres
  5 centaurs
  4 big kobolds
  3 giant frogs
  13 killer bees
  A scorpion (D:5)
  3 wights (D:6)
  2 vampire bats (D:5)
  A centaur zombie (D:7)
  4 crimson imps
  3 orc priests
  3 jellies
  A quasit (D:6)
  4 orc wizards
  A centaur skeleton (D:4)
  4 hounds
  6 worker ants
  3 iguanas
  A killer bee zombie (D:7)
  6 adders
  4 river rats (D:8)
  A shadow imp (D:5)
  An adder skeleton (D:5)
  4 worms
  16 orcs
  12 bats
  5 bat skeletons
  A bat zombie (D:5)
  3 giant cockroaches
  9 goblins
  9 hobgoblins
  16 jackals
  3 quokkas
  7 giant geckos
  A giant gecko skeleton (D:6)
  A giant gecko zombie (D:6)
  5 giant newts
  A giant spore (D:6)
  36 kobolds
  3 quokka skeletons
  A quokka zombie (D:6)
  12 rats
  6 ballistomycetes
260 creatures vanquished.

Vanquished Creatures (others)
  A giant spore (D:5)
1 creature vanquished.

Grand Total: 261 creatures vanquished

Notes
Turn   | Place    | Note
--------------------------------------------------------------
     0 | D:1      | hornqvist, the Formicid Fighter, began the quest for the Orb.
     0 | D:1      | Reached XP level 1. HP: 18/18 MP: 1/1
    54 | D:1      | Reached XP level 2. HP: 22/24 MP: 2/2
   254 | D:1      | Reached XP level 3. HP: 21/29 MP: 3/3
   312 | D:1      | Reached skill level 4 in Shields
   448 | D:1      | Reached skill level 1 in Dodging
   770 | D:2      | Reached XP level 4. HP: 35/35 MP: 4/4
  1306 | D:2      | Found a blossoming altar of Fedhas.
  1621 | D:3      | Reached XP level 5. HP: 41/41 MP: 5/5
  1738 | D:3      | Noticed Sigmund
  1760 | D:3      | Killed Sigmund
  1760 | D:3      | Reached skill level 5 in Shields
  1760 | D:3      | Reached XP level 6. HP: 42/47 MP: 6/6
  2039 | D:3      | Reached skill level 5 in Axes
  2448 | D:4      | Reached XP level 7. HP: 50/52 MP: 7/7
  2462 | D:4      | Found a staircase to the Ecumenical Temple.
  2568 | Temple   | Entered the Ecumenical Temple
  2612 | Temple   | Became a worshipper of Gozag Ym Sagoz the Greedy
  2789 | D:4      | Found a white marble altar of Elyvilon.
  3128 | D:4      | Found a white marble altar of Elyvilon.
  3128 | D:4      | Found a shadowy altar of Dithmenos.
  3195 | D:4      | Reached skill level 6 in Axes
  3214 | D:5      | Entered Level 5 of the Dungeon
  3476 | D:5      | Reached XP level 8. HP: 42/58 MP: 8/8
  3842 | D:5      | Found an ancient bone altar of Kikubaaqudgha.
  4024 | D:5      | Reached skill level 7 in Axes
  4820 | D:5      | Reached XP level 9. HP: 64/64 MP: 9/9
  4853 | D:5      | Reached skill level 8 in Axes
  5619 | D:6      | Noticed Grinder
  5634 | D:6      | Killed Grinder
  5634 | D:6      | Reached skill level 9 in Axes
  5634 | D:6      | Reached skill level 5 in Dodging
  5837 | D:6      | Found a basalt altar of Yredelemnul.
  6817 | D:7      | Found Fihualyde's Antique Weapon Boutique.
  6847 | D:7      | Bought a faintly glowing hand axe for 208 gold pieces
  6847 | D:7      | Identified the +5 hand axe "Asot" {venom, rF+ Int+7} (You bought it in a shop on level 7 of the Dungeon)
  6852 | D:7      | Found Guapok's Antique Weapon Boutique.
  6890 | D:7      | Reached XP level 10. HP: 59/70 MP: 10/10
  6928 | D:7      | Found Jicuag's Magic Scroll Boutique.
  6936 | D:7      | Bought a scroll of enchant weapon for 112 gold pieces
  6964 | D:7      | Found Olukag's Antique Weapon Boutique.
  6995 | D:7      | Bought a glowing battleaxe for 156 gold pieces
  7015 | D:7      | Found Ymaag's Jewellery Shoppe.
  7069 | D:7      | Reached skill level 10 in Axes
  7712 | D:8      | Reached skill level 11 in Axes
  7713 | D:8      | Reached skill level 10 in Shields
  7722 | D:8      | Found a staircase to the Lair.
  7722 | D:8      | Reached XP level 11. HP: 23/75 MP: 11/11
  8150 | D:8      | Found a bloodstained altar of Trog.
  8228 | D:8      | Gained mutation: You are partially covered in slimy green scales (AC +2). [potion of mutation]
  8228 | D:8      | Gained mutation: You are partially covered in large bone plates (AC +2, SH +2). [potion of mutation]
  8228 | D:8      | Gained mutation: You are frail (-10% HP). [potion of mutation]
  8232 | D:8      | Killed from afar by an orc wizard

Action                   |  1- 3 |  4- 6 |  7- 9 | 10-12 || total
-------------------------+-------+-------+-------+-------++-------
Melee: War axe           |    95 |   162 |   432 |       ||   689
       Hand axe          |       |       |    27 |   199 ||   226
       Battleaxe         |       |       |       |     7 ||     7
Invok: Call Merchant     |       |       |     1 |       ||     1
 Abil: Dig               |     1 |       |       |       ||     1
  Use: Potion            |       |       |     1 |     7 ||     8
       Scroll            |       |       |     1 |       ||     1
 Stab: Distracted        |       |       |     1 |     4 ||     5
       Invisible         |       |       |       |     1 ||     1
  Eat: Chunk             |       |     5 |     1 |       ||     6
       Royal jelly       |       |       |     2 |       ||     2
       Pizza             |       |       |     1 |       ||     1
       Fruit             |       |       |     4 |       ||     4
       Bread ration      |       |       |     1 |     1 ||     2
